 Dungeon Crawl Stone Soup version 0.28-a0-172-g787e458d71 (webtiles) character file.

Game seed: 9018711744146328470

196 Spaninq the Sneak (level 5, -2/31 HPs)
             Began as an Octopode Enchanter on Aug 16, 2021.
             Was a Believer of Vehumet.
             Killed from afar by an orc wizard (5 damage)
             ... with a puff of flame
             ... on level 4 of the Dungeon.
             The game lasted 00:05:19 (3287 turns).

Spaninq the Sneak (Octopode Enchanter)              Turns: 3287, Time: 00:05:20

Health: -2/31      AC:  1    Str: 13    XL:     5   Next: 75%
Magic:  9/9        EV: 14    Int: 17    God:    Vehumet [**....]
Gold:   132        SH:  0    Dex: 20    Spells: 7/9 levels left

rFire   . . .      SeeInvis .   a - +1 dagger
rCold   . . .      Faith    .   (no shield)
rNeg    . . .      Spirit   .   (helmet restricted)
rPois   .          Reflect  .   (no amulet)
rElec   .          Harm     .   k - +6 ring of dexterity
rCorr   .          Rampage  .   h - +6 ring of strength
Will    .....                   (no ring)
Stlth   ++........              (no ring)
HPRegen 0.10/turn               (no ring)
MPRegen 0.11/turn               (no ring)
                                (no ring)
                                (no ring)

@: confused
A: almost no armour, amphibious, 8 rings, camouflage 1, gelatinous body 1,
(nimble swimmer 1), tentacles
a: Renounce Religion


You were on level 4 of the Dungeon.
You worshipped Vehumet.
Vehumet was pleased with you.
You visited 1 branch of the dungeon, and saw 4 of its levels.

You collected 132 gold pieces.

Inventory:

Hand Weapons
 a - a +1 dagger (weapon)
Jewellery
 h - a +6 ring of strength (right tentacle)
 j - a ring of fire
 k - a +6 ring of dexterity (left tentacle)
Scrolls
 i - a scroll of torment {unknown}
Potions
 b - a potion of invisibility
 c - a potion of resistance {unknown}
 d - a potion of ambrosia {unknown}
 e - a potion of heal wounds {unknown}
 f - 2 potions of lignification {unknown}
 g - a potion of berserk rage {unknown}


   Skills:
 + Level 2.2 Short Blades
 + Level 2.8 Dodging
 * Level 5.8 Stealth
 + Level 2.7 Spellcasting
 + Level 3.5 Hexes
 + Level 1.4 Ice Magic


You had 7 spell levels left.
You knew the following spells:

 Your Spells              Type           Power      Damage    Failure   Level
a - Ensorcelled Hibernat  Hex/Ice        20%        N/A       10%         2

Your spell library contained the following spells:

 Spells                   Type           Power      Damage    Failure   Level
 Searing Ray              Conj           4%         3d3       26%         2
 Confusing Touch          Hex            14%        N/A       12%         3
 Tukima's Dance           Hex            14%        N/A       12%         3
 Dazzling Flash           Conj/Hex       16%        N/A       26%         3
 Passage of Golubria      Tloc           N/A        N/A       87%         4
 Yara's Violent Unravell  Hex/Tmut       4%         3d4       94%         5


Dungeon Overview and Level Annotations

Branches:
Dungeon (4/15)
 Temple: D:4-7

Altars:
Elyvilon
Vehumet
Xom

Shops:
D:1 :


Innate Abilities, Weirdness & Mutations

You cannot wear most types of armour.
You are amphibious.
You can wear up to eight rings at the same time.
Your skin changes colour to match your surroundings (Stealth+).
Your rubbery body absorbs attacks. (AC +1, EV +1)
((You are camouflaged near water. (Stealth+)))
You have tentacles for arms and can constrict up to eight enemies at once.


Message History

Vehumet accepts your kill.
You feel your power returning.
A kobold comes into view.
It is wielding a +0 dagger and quivering poisoned darts.
Found a scale mail.
Found a stone staircase leading down.
The kobold shouts!
You hear a shout! x3
An orc wizard comes into view. It is wielding a +0 dagger.
The orc wizard shouts!
You hear a shout!
The orc wizard gestures wildly while chanting.
The orc wizard flickers and vanishes!
Deactivating autopickup; reactivate with Ctrl-A.
The kobold misses you.
You hit the kobold but do no damage. You grab the kobold.
You squeeze the kobold.
You kill the kobold!
Vehumet accepts your kill.
A puff of flame appears from out of thin air!
The puff of flame hits you!
An orc comes into view. It is wielding a +0 whip.
Things that are here:
a +0 dagger; 2 poisoned darts; a kobold corpse You hear some strange, mumbled words.
You are confused.
Something hits you. The orc completely misses you.
You completely miss something. You squeeze something! Something hits you.
The orc completely misses you. Something hits you. The orc misses you.
An orc comes into view. It is wielding a +4 dagger.
You miss something.
You hear some strange, mumbled words.
A magic dart appears from out of thin air!
The magic dart hits you!
* * * LOW HITPOINT WARNING * * *
The orc hits you with a +0 whip.
* * * LOW HITPOINT WARNING * * *
You miss something. Something barely misses you. The orc completely misses you.
You bump into the rock wall.
You hear some strange, mumbled words.
A puff of flame appears from out of thin air!
The puff of flame hits you.
You die...

......#......# ...
...........## ....
#.........## #....
###.....###.### #.....
....##.......#8##..###......
.S).............##......#
.......##....#8o.###.####
.............##...##.#
..............##@.8#.# ..#
.......#. #{o.#.#
..#..g......####.[8#.#####
y........... ...##.....# ..
....!...#... 8..##.....#.#.#
......# ...##......#>..
.y..... .#8##.......#.##
....... ..###...........#.
#...... ................


You could see 2 orcs.

Vanquished Creatures
  2 killer bees (D:4)
  A hound (D:4)
  3 adders
  An adder skeleton (D:4)
  4 orcs (D:3)
  6 endoplasms
  2 giant cockroaches
  5 hobgoblins
  2 quokkas
  4 ball pythons
  4 bats
  9 frilled lizards
  2 goblins (D:1)
  3 kobolds
  4 rats
52 creatures vanquished.

Vanquished Creatures (others)
  3 plants (D:2)
3 creatures vanquished.

Grand Total: 55 creatures vanquished

Notes
Turn   | Place    | Note
-------+----------+-------------------------------------------
     0 | D:1      | Spaninq the Octopode Enchanter began the quest for the Orb.
     0 | D:1      | Reached XP level 1. HP: 11/11 MP: 3/3
   271 | D:1      | Reached XP level 2. HP: 17/17 MP: 5/5
   531 | D:1      | Found a faded altar of an unknown god.
   547 | D:1      | Became a worshipper of Vehumet
   547 | D:1      | Reached * piety under Vehumet
   547 | D:1      | Offered knowledge of Shock by Vehumet.
   551 | D:1      | Learned a level 2 spell: Ensorcelled Hibernation
   723 | D:1      | Found Nicsyrhe's Book Shop.
  1073 | D:2      | Reached XP level 3. HP: 12/21 MP: 6/6
  1780 | D:2      | Found a shimmering altar of Xom.
  2320 | D:3      | Reached skill level 5 in Stealth
  2481 | D:3      | Offered knowledge of Searing Ray by Vehumet.
  2482 | D:3      | Reached XP level 4. HP: 12/26 MP: 7/7
  2786 | D:3      | Reached ** piety under Vehumet
  3076 | D:3      | Found a white marble altar of Elyvilon.
  3190 | D:4      | Reached skill level 1 in Ice Magic
  3190 | D:4      | Reached XP level 5. HP: 31/31 MP: 8/8
  3287 | D:4      | Killed from afar by an orc wizard

Illustrated notes

Levels and vault maps discovered:
D:1:      wheals_arrival_shading, layout_basic, serial_shops, shop,
          ebering_ecumenical_altar_abandoned
D:2:      layout_basic, basic_altar, minmay_lizard_king
D:3:      layout_loops_cross, general_overflow_altar, minmay_misc_feat_roman
D:4:      minmay_evil_eye, layout_cave_pools, minmay_misc_feat_rows,
          grunt_ministairs_8

Skill      XL: |  1  2  3  4 |
---------------+-------------+-----
Stealth        | 5 |  5.8
Short Blades   | 2 |  2.2
Ice Magic      | 1 |  1.4
Dodging        | |  2.8
Spellcasting   | |  2.7
Hexes          | |  3.5

Action                   |  1- 3 |  4- 6 || total
-------------------------+-------+-------++-------
Melee: Dagger            |    78 |    19 ||    97
       Tentacles         |    10 |     3 ||    13
       Constrict         |    12 |     2 ||    14
 Cast: Ensorcelled Hiber |     2 |     2 ||     4
 Stab: Sleeping          |    17 |    11 ||    28
Armor: Skin              |     6 |       ||     6
Dodge: Dodged            |    29 |     9 ||    38

Table legend: (Time is in decaauts)
 A = Elapsed time spent in this place.
 B = Non-inter-level travel time spent in this place.
 C = Inter-level travel time spent in this place.
 D = Time resting spent in this place.
 E = Time spent auto-exploring this place.
 F = Levels seen in this place.
 G = Mean time per level.
                   A        B        C        D        E       F      G
               +--------+--------+--------+--------+--------+-----+--------+
         Total |   3279 |   3180 |     99 |    248 |   2544 |   4 |  819.8 |
       Dungeon |   3279 |   3180 |     99 |    248 |   2544 |   4 |  819.8 |
               +--------+--------+--------+--------+--------+-----+--------+

Top non-repeatable levels by time:
     D:2: 1248 daAuts
     D:3: 1032 daAuts
     D:1: 949 daAuts
     D:4: 49 daAuts
